 Dungeon Crawl Stone Soup version 0.26.1-11-gd32895ea62 (webtiles) character file.

Game seed: 1342393775659612970

1660 Revguard the Ducker (level 9, -6/68 HPs)
             Began as a Human Gladiator on May 8, 2021.
             Was a Believer of Okawaru.
             Killed from afar by a steam dragon (8 damage)
             ... with a ball of steam
             ... on level 6 of the Dungeon.
             The game lasted 00:18:23 (6339 turns).

Revguard the Ducker (Human Gladiator)               Turns: 6339, Time: 00:18:24

Health: -6/68      AC: 10    Str: 17    XL:     9   Next: 20%
Magic:  11/11      EV: 13    Int:  8    God:    Okawaru [**....]
Gold:   226        SH:  0    Dex: 16    Spells: 8/8 levels left

rFire    . . .     SeeInvis .   h - +1 halberd
rCold    . . .     Faith    .   (shield currently unavailable)
rNeg     . . .     Spirit   .   l - +1 scale mail
rPois    .         Reflect  .   c - +0 helmet
rElec    .         Harm     .   r - +0 cloak
rCorr    .         Rampage  .   (no gloves)
Will     +....                  (no boots)
Stlth    ..........             (no amulet)
HPRegen  0.21/turn              s - ring of willpower
MPRegen  0.12/turn              (no ring)

@: no status effects
A: no striking features
a: Renounce Religion, Heroism


You were on level 6 of the Dungeon.
You worshipped Okawaru.
Okawaru was pleased with you.
You visited 1 branch of the dungeon, and saw 6 of its levels.

You collected 226 gold pieces.

Inventory:

Hand Weapons
 a - a +0 war axe
 h - a +1 halberd (weapon)
Armour
 c - a +0 helmet (worn)
 l - a +1 scale mail (worn)
 r - a +0 cloak (worn)
Jewellery
 s - a ring of willpower (left hand)
Wands
 o - a wand of enslavement (9)
Scrolls
 f - 6 scrolls of remove curse
 i - 3 scrolls of fear
 j - a scroll of enchant armour
 m - 3 scrolls of enchant weapon
 p - a scroll of torment
Potions
 b - 2 potions of might
 e - 3 potions of flight
 g - a potion of brilliance
 n - a potion of curing
 q - a potion of attraction


   Skills:
 + Level 5.0 Fighting
 - Level 3.2(4.2) Axes
 + Level 4.2(4.8) Polearms
 - Level 4.4 Throwing
 + Level 4.3 Armour
 + Level 5.5 Dodging
 + Level 3.9 Invocations
 + Level 1.7 Evocations


You had 8 spell levels left.
You didn't know any spells.
Your spell library contained the following spells:

 Spells                   Type           Power        Failure   Level
 Freeze                   Ice            0%           80%         1
 Magic Dart               Conj           0%           80%         1
 Sandblast                Erth           0%           80%         1
 Blink                    Tloc           N/A          91%         2
 Call Imp                 Summ           0%           91%         2
 Passwall                 Tmut/Erth      0%           91%         2
 Slow                     Hex            0%           91%         2
 Conjure Flame            Conj/Fire      0%           99%         3
 Frozen Ramparts          Ice            0%           99%         3
 Mephitic Cloud           Conj/Pois/Air  0%           99%         3
 Ozocubu's Armour         Ice            0%           99%         3
 Stone Arrow              Conj/Erth      0%           99%         3
 Hailstorm                Conj/Ice       0%           100%        4
 Petrify                  Tmut/Erth      0%           100%        4
 Summon Ice Beast         Ice/Summ       0%           100%        4
 Lee's Rapid Deconstruct  Erth           0%           100%        5


Dungeon Overview and Level Annotations

Branches:
Dungeon (6/15)
 Temple: D:4-7

Altars:
Dithmenos
Elyvilon
Fedhas
Kikubaaqudgha
Okawaru
Qazlal
Ru
Sif Muna
Uskayaw


Message History

The steam dragon claws you but does no damage.
You hit the steam dragon but do no damage.
The steam dragon is severely wounded.
You are engulfed in a cloud of scalding steam.
* * * LOW HITPOINT WARNING * * *
The steam dragon barely misses you. The steam dragon claws you.
* * * LOW HITPOINT WARNING * * *
The steam dragon bites you.
* * * LOW HITPOINT WARNING * * *
The steam dragon closely misses you.
Throw: throwing net
Press: ? - help, Q - select action, (/) - cycle Shift-Dir - straight line, f/p - steam dragon
Aim: a steam dragon (severely wounded, catching its breath, 64% to hit)
You throw a throwing net.
The throwing net completely misses the steam dragon.
You are engulfed in a cloud of scalding steam.
* * * LOW HITPOINT WARNING * * *
The steam dragon breathes steam at you. The ball of steam hits you!
You die...

#.......#....#...'.......#..
#.......#...####'##......#.<
#.......#...#.....##+#####..
#.......#...#...............
#.......#...#...............
#.......##'##...............
#..........>................
#....................<......
#..........@D.....(..†......
#............###+#####'#####
#............#......#.....#.
#............'......#.....#.
#)...........#......#.....#.
#............#............#.
#............#...≈≈≈.....##.
#............#...≈#≈≈≈≈.....
#............#...≈≈≈≈#≈≈≈≈..


You could see a steam dragon (catching breath).

Vanquished Creatures
  4 yaks (D:5)
  An ice beast (D:6)
  An ogre (D:4)
  A centaur (D:6)
  2 bullfrogs (D:6)
  A scorpion (D:4)
  2 howler monkeys
  A jelly (D:5)
  Crazy Yiuf (D:2)
  An orc priest (D:4)
  A hound (D:5)
  A bullfrog skeleton (D:6)
  An iguana (D:6)
  5 orc wizards
  A hound skeleton (D:4)
  A gnoll (D:1)
  10 adders
  2 oozes (D:2)
  2 adder skeletons
  A worm (D:3)
  4 dart slugs
  5 leopard geckos
  22 orcs
  6 giant cockroaches
  7 hobgoblins
  19 jackals
  8 kobolds
  A quokka (D:4)
  3 ball pythons
  7 bats
  8 frilled lizards
  6 goblins
  A quokka skeleton (D:5)
  A quokka zombie (D:6)
  10 rats
148 creatures vanquished.

Vanquished Creatures (others)
  An orc (D:6)
1 creature vanquished.

Grand Total: 149 creatures vanquished

Notes
Turn   | Place    | Note
-------+----------+-------------------------------------------
     0 | D:1      | Revguard the Human Gladiator began the quest for the Orb.
     0 | D:1      | Reached XP level 1. HP: 16/16 MP: 1/1
    56 | D:1      | Reached XP level 2. HP: 10/22 MP: 2/2
   272 | D:1      | Reached XP level 3. HP: 28/28 MP: 3/3
   312 | D:1      | Reached skill level 1 in Armour
   857 | D:2      | Reached XP level 4. HP: 34/34 MP: 4/4
   901 | D:2      | Reached skill level 1 in Polearms
   999 | D:2      | Found a blossoming altar of Fedhas.
  1403 | D:2      | Reached XP level 5. HP: 18/39 MP: 5/5
  1699 | D:2      | Found a runed translucent door.
  1700 | D:2      | Noticed Crazy Yiuf
  1707 | D:2      | Killed Crazy Yiuf
  2163 | D:3      | Found an iron altar of Okawaru.
  2189 | D:3      | Became a worshipper of Warmaster Okawaru
  2227 | D:3      | Reached XP level 6. HP: 23/47 MP: 6/6
  2989 | D:4      | Noticed an ogre
  2998 | D:4      | HP: 1/47 [ogre/+0 giant spiked club (15)]
  3000 | D:4      | Killed an ogre
  3006 | D:4      | Reached skill level 1 in Invocations
  3019 | D:4      | Found a sacrificial altar of Ru.
  3095 | D:4      | Reached XP level 7. HP: 39/52 MP: 7/7
  3284 | D:4      | Found a shadowy altar of Dithmenos.
  3735 | D:4      | Found a hide-covered altar of Uskayaw.
  3755 | D:4      | Found a stormy altar of Qazlal.
  3960 | D:5      | Entered Level 5 of the Dungeon
  3960 | D:5      | Noticed a yak
  3960 | D:5      | Noticed a yak
  3961 | D:5      | Noticed a yak
  3962 | D:5      | Noticed a yak
  4116 | D:5      | Killed a yak
  4116 | D:5      | Reached * piety under Okawaru
  4129 | D:5      | Killed a yak
  4130 | D:5      | Reached XP level 8. HP: 25/60 MP: 7/9
  4135 | D:5      | Killed a yak
  4139 | D:5      | Killed a yak
  4139 | D:5      | Reached ** piety under Okawaru
  4140 | D:5      | Reached skill level 5 in Dodging
  5103 | D:6      | Found a shimmering blue altar of Sif Muna.
  5130 | D:6      | Found a white marble altar of Elyvilon.
  5280 | D:6      | Reached skill level 1 in Evocations
  5280 | D:6      | Reached XP level 9. HP: 30/67 MP: 11/11
  5512 | D:6      | Found an ancient bone altar of Kikubaaqudgha.
  5633 | D:6      | Reached skill level 5 in Fighting
  6339 | D:6      | HP: 2/68 [steam dragon] (7)]
  6339 | D:6      | Killed from afar by a steam dragon

Illustrated notes

Levels and vault maps discovered:
D:1:      ebering_trefoil_twist, layout_rooms, chequers_jeans,
          minmay_pentomino_x4
D:2:      layout_basic, lemuel_round_altar, uniq_crazy_yiuf_cottage
D:3:      layout_loops_ring, okawaru_metal_pillars_3
D:4:      layout_rooms, kennysheep_little_box, nicolae_overflow_hidden_temple,
          lemuel_round_altar, hangedman_ru_absence, kennysheep_small_spiral
D:5:      layout_gridville
D:6:      layout_gridville, elyvilon_altar_4, lemuel_doored_altar,
          kennysheep_mini, nicolae_lava_and_water

Skill      XL: |  1  2  3  4  5  6  7  8  9 |
---------------+----------------------------+-----
Armour         | 1 2 3 4 |  4.3
Polearms       | 1 2 3 4 |  4.2
Fighting       | 3 4 5 |  5.0
Throwing       | 3 4 |  4.4
Dodging        | 4 5 |  5.5
Invocations    | 1 2 3 |  3.9
Evocations     | 1 |  1.7
Axes           | |  3.2

Action                   |  1- 3 |  4- 6 |  7- 9 || total
-------------------------+-------+-------+-------++-------
Melee: War axe           |     9 |       |       ||     9
       Halberd           |    86 |   219 |   247 ||   552
Throw: Throwing net      |     2 |       |     1 ||     3
Invok: Heroism           |       |       |     3 ||     3
  Use: Scroll            |       |     8 |     8 ||    16
       Potion            |       |     8 |     5 ||    13
 Stab: Distracted        |       |     1 |       ||     1
Armor: Leather armour    |    19 |       |       ||    19
       Scale mail        |    11 |    93 |   139 ||   243
Dodge: Dodged            |    77 |   144 |   213 ||   434
